 Dungeon Crawl Stone Soup version 0.31-a0-268-g4392ee761c (webtiles) character file.

Game seed: 13533898576422974335

1967 qw the Skirmisher (level 9, -1/75 HPs)
             Began as a Minotaur Hexslinger on July 14, 2023.
             Was an Initiate of Okawaru.
             Slain by an unseen horror (6 damage)
             ... on level 7 of the Dungeon.
             The game lasted 00:02:37 (7340 turns).

qw the Skirmisher (Minotaur Hexslinger)             Turns: 7340, Time: 00:02:37

Health: -1/75      AC:  5    Str: 19    XL:     9   Next: 0%
Magic:  9/9        EV: 14    Int: 10    God:    Okawaru [......]
Gold:   298        SH:  0    Dex: 17    Spells: 9/10 levels left

rFire   . . .        Y - +1 sling (drain)
rCold   . . .        (no shield)
rNeg    . . .        o - +0 ring mail
rPois   .            (helmet restricted)
rElec   .            (no cloak)
rCorr   .            (no gloves)
SInv    .            (no boots)
Will    .....        (no amulet)
Stlth   +            d - +6 ring of strength
HPRegen 0.32/turn    (no ring)
MPRegen 0.11/turn

%: no passive effects
@: no status effects
A: horns 2, retaliatory headbutt
a: Renounce Religion


You were on level 7 of the Dungeon.
You worshipped Okawaru.
Okawaru was noncommittal.
You visited 2 branches of the dungeon, and saw 8 of its levels.
You also visited: Sewer.

You collected 298 gold pieces.


Innate Abilities, Weirdness & Mutations

You have a pair of horns on your head.
You reflexively headbutt those who attack you in melee.


   Skills:
 + Level 6.3 Fighting
 - Level 10.0 Ranged Weapons
 - Level 2.2 Armour
 - Level 5.9 Dodging
 - Level 1.0 Spellcasting
 - Level 2.0 Hexes


You had 9 spell levels left.
You knew the following spells:

 Your Spells              Type           Power      Damage    Failure   Level
a - Slow                  Hex            16%        N/A       26%         1

Your spell library contained the following spells:

 Spells                   Type           Power      Damage    Failure   Level
 Inner Flame              Hex/Fire       2%         N/A       75%         3
 Portal Projectile        Hex/Tloc       4%         N/A       75%         3
 Cause Fear               Hex            2%         N/A       94%         4

Inventory:

Hand Weapons
 Y - a +1 sling of draining (weapon)
Armour
 c - a +0 pair of gloves
 o - a +0 ring mail (worn)
Jewellery
 d - a +6 ring of strength (left hand)
 f - a ring of ice
Scrolls
 a - a scroll of identify
 b - a scroll of teleportation
Potions
 e - 2 potions of cancellation
 i - a potion of curing
 j - 2 potions of heal wounds
 k - 2 potions of mutation
 n - a potion of brilliance {unknown}

Dungeon Overview and Level Annotations

Branches:
Dungeon (7/15)             Temple (1/1) D:6           Sewer (visited)

Altars:
Elyvilon
Fedhas
Gozag
Hepliaklqana
Kikubaaqudgha
Okawaru
Qazlal
Ru
Trog
Uskayaw
Vehumet
Wu Jian
Xom
Zin


Message History

Something hits you but does no damage.
You shoot a sling bullet. Something hits you.
You shoot a sling bullet. Something hits you!
You shoot a sling bullet. Something completely misses you.
You shoot a sling bullet. Something hits you but does no damage.
Something hits you. x2
You shoot a sling bullet. Something hits you but does no damage.
You shoot a sling bullet. Something hits you.
Something hits you but does no damage.
You shoot a sling bullet. Something hits you.
You shoot a sling bullet. Something barely misses you.
You shoot a sling bullet. Something completely misses you.
Something hits you but does no damage.
You shoot a sling bullet. Something hits you. Something completely misses you.
You shoot a sling bullet. Something completely misses you.
You shoot a sling bullet. Something hits you.
You shoot a sling bullet. Something hits you.
You shoot a sling bullet. Something hits you but does no damage.
You shoot a sling bullet. Something barely misses you.
You shoot a sling bullet. Something hits you.
You shoot a sling bullet. Something hits you but does no damage.
You shoot a sling bullet. Something hits you. x2
You shoot a sling bullet. Something hits you.
You die...

# .##
#####.#
...#.# #.#.#
#...# #.
#@#.#
#).#.).%.#.#
#..#######.#
#.........##
#.......####
#..........#
#.....%###.#
##+#.....#.#
#.###.#.#


There were no monsters in sight!

Vanquished Creatures
  Pikel (D:5)
  Sigmund (D:4)
  Eustachio (D:4)
  Pargi (D:3)
  2 black bears
  A kobold brigand (Sewer)
  2 bullfrogs
  2 scorpions
  3 orc priests
  4 hounds
  3 iguanas
  2 jellies
  2 sleepcaps
  An orc wizard (D:5)
  12 adders
  4 river rats (Sewer)
  3 shadow imps
  2 white imps
  2 dart slugs
  10 orcs
  7 ball pythons
  6 bats
  7 endoplasms
  2 giant cockroaches
  2 hobgoblins
  3 jackals (Sewer)
  4 quokkas
  4 frilled lizards
  2 goblins
  12 kobolds
  5 rats
113 creatures vanquished.

Notes
Turn   | Place    | Note
-------+----------+-------------------------------------------
     0 | D:1      | qw the Minotaur Hexslinger began the quest for the Orb.
     0 | D:1      | Reached XP level 1. HP: 16/16 MP: 1/1
     0 | D:1      | 0 ||| qw: Version: 0.3-a-52-g30416fa
     0 | D:1      | 0 ||| qw: Game counter: 7929
     0 | D:1      | 0 ||| qw: Melee chars always use a shield: true
     0 | D:1      | 0 ||| qw: God list: Okawaru
     0 | D:1      | 0 ||| qw: Allow faded altars: false
     0 | D:1      | 0 ||| qw: Do Orc after clearing Dungeon:15 true
     0 | D:1      | 0 ||| qw: Do second Lair branch before Depths: true
     0 | D:1      | 0 ||| qw: Lair rune preference: random
     0 | D:1      | 0 ||| qw: Goals: Normal
     0 | D:1      | 0 ||| PLANNING D:1-11
   109 | D:1      | HP: 3/16 [quokka (4)]
   110 | D:1      | HP: 1/16 [quokka (2)]
   189 | D:1      | Found a faded altar of an unknown god.
   250 | D:1      | Reached skill level 3 in Ranged Weapons
   251 | D:1      | Reached XP level 2. HP: 16/23 MP: 2/2
   620 | D:1      | 620 ||| READING scroll labelled NOOSEFEMPOSHRU.
   625 | D:1      | 625 ||| READING scroll labelled EBUAPTANGU.
   626 | D:1      | 626 ||| DROPPING scroll of poison.
   985 | D:2      | Reached XP level 3. HP: 29/29 MP: 3/3
  1044 | D:2      | Reached skill level 4 in Ranged Weapons
  1310 | D:2      | 1310 ||| UPGRADING to +0 leather armour.
  1320 | D:2      | 1320 ||| DROPPING +0 robe.
  1321 | D:2      | 1321 ||| READING scroll labelled UBLAVE GAUSI.
  1322 | D:2      | 1322 ||| READING scroll labelled QEBRAEMAGI.
  1323 | D:2      | 1323 ||| DRINKING 2 sedimented inky potions.
  1735 | D:3      | Reached XP level 4. HP: 32/36 MP: 4/4
  1782 | D:3      | Noticed Pargi
  1793 | D:3      | HP: 9/36 [Pargi (3)]
  1794 | D:3      | 1794 ||| READING 2 scrolls of teleportation.
  1797 | D:3      | Killed Pargi
  1798 | D:3      | Reached skill level 5 in Ranged Weapons
  1798 | D:3      | Reached XP level 5. HP: 7/41 MP: 5/5
  2284 | D:3      | 2284 ||| READING scroll labelled RUSEUQ ANOBEI.
  2285 | D:3      | 2285 ||| DRINKING 3 ruby potions.
  2308 | D:4      | Noticed Sigmund
  2313 | D:4      | 2313 ||| STAIRDANCE
  2366 | D:4      | 2366 ||| STAIRDANCE
  2404 | D:4      | 2404 ||| STAIRDANCE
  2438 | D:4      | 2438 ||| STAIRDANCE
  2440 | D:4      | 2440 ||| STAIRDANCE
  2442 | D:4      | 2442 ||| STAIRDANCE
  2444 | D:4      | 2444 ||| STAIRDANCE
  2520 | D:4      | 2520 ||| STAIRDANCE
  2581 | D:4      | 2581 ||| STAIRDANCE
  2626 | D:4      | 2626 ||| STAIRDANCE
  2628 | D:3      | 2628 ||| DRINKING 2 potions of curing.
  2628 | D:3      | 2628 ||| (to cure confusion)
  2640 | D:4      | 2640 ||| STAIRDANCE
  2673 | D:4      | 2673 ||| STAIRDANCE
  2675 | D:4      | 2675 ||| STAIRDANCE
  2677 | D:4      | 2677 ||| STAIRDANCE
  2679 | D:4      | 2679 ||| STAIRDANCE
  2681 | D:3      | 2681 ||| DRINKING potion of curing.
  2681 | D:3      | 2681 ||| (to cure confusion)
  2685 | D:4      | 2685 ||| Stepping randomly (disturbance).
  2686 | D:4      | 2686 ||| STAIRDANCE
  2761 | D:4      | 2761 ||| STAIRDANCE
  2810 | D:4      | 2810 ||| STAIRDANCE
  2830 | D:4      | 2830 ||| STAIRDANCE
  2870 | D:4      | 2870 ||| STAIRDANCE
  2898 | D:4      | Killed Sigmund
  2899 | D:4      | Reached XP level 6. HP: 41/55 MP: 6/6
  2994 | D:4      | Reached skill level 6 in Ranged Weapons
  3237 | D:4      | Found a radiant altar of Vehumet.
  3743 | D:4      | Reached skill level 7 in Ranged Weapons
  4036 | D:4      | Reached XP level 7. HP: 60/60 MP: 7/7
  4050 | D:4      | 4050 ||| UPGRADING to +6 ring of strength.
  4051 | D:4      | 4051 ||| READING scroll labelled UFUCWUU XAIHUY.
  4062 | D:5      | Entered Level 5 of the Dungeon
  4062 | D:5      | Noticed Eustachio
  4069 | D:5      | 4069 ||| STAIRDANCE
  4073 | D:4      | 4073 ||| FLEEEEING.
  4074 | D:4      | 4074 ||| FLEEEEING.
  4077 | D:4      | 4077 ||| FLEEEEING.
  4079 | D:4      | 4079 ||| FLEEEEING.
  4080 | D:4      | 4080 ||| FLEEEEING.
  4081 | D:4      | 4081 ||| FLEEEEING.
  4082 | D:4      | 4082 ||| FLEEEEING.
  4083 | D:4      | 4083 ||| FLEEEEING.
  4084 | D:4      | 4084 ||| FLEEEEING.
  4085 | D:4      | 4085 ||| FLEEEEING.
  4086 | D:4      | 4086 ||| FLEEEEING.
  4089 | D:4      | 4089 ||| FLEEEEING.
  4090 | D:4      | 4090 ||| FLEEEEING.
  4100 | D:4      | HP: 11/60 [iron imp[Eustachio] (6)]
  4101 | D:4      | 4101 ||| READING scroll of teleportation.
  4102 | D:4      | 4102 ||| DRINKING 2 potions of heal wounds.
  4104 | D:4      | 4104 ||| FLEEEEING.
  4105 | D:4      | 4105 ||| FLEEEEING.
  4106 | D:4      | 4106 ||| FLEEEEING.
  4107 | D:4      | 4107 ||| FLEEEEING.
  4108 | D:4      | 4108 ||| FLEEEEING.
  4111 | D:4      | Killed Eustachio
  4330 | D:5      | Reached skill level 8 in Ranged Weapons
  4411 | D:5      | Found a stormy altar of Qazlal.
  4508 | D:5      | Noticed Pikel
  4519 | D:5      | Killed Pikel
  4520 | D:5      | Reached XP level 8. HP: 28/68 MP: 8/8
  4537 | D:5      | Reached skill level 1 in Armour
  4839 | D:5      | 4839 ||| FLEEEEING.
  4910 | D:5      | 4910 ||| FLEEEEING.
  4911 | D:5      | 4911 ||| FLEEEEING.
  4916 | D:5      | 4916 ||| FLEEEEING.
  4917 | D:5      | 4917 ||| FLEEEEING.
  4918 | D:5      | 4918 ||| FLEEEEING.
  4919 | D:5      | 4919 ||| FLEEEEING.
  4920 | D:5      | 4920 ||| FLEEEEING.
  4921 | D:5      | 4921 ||| FLEEEEING.
  4928 | D:5      | 4928 ||| STAIRDANCE
  4958 | D:4      | 4958 ||| UPGRADING to +0 ring mail.
  4968 | D:4      | 4968 ||| DROPPING +0 leather armour.
  4969 | D:4      | 4969 ||| READING scroll labelled UQAAPTOUFU.
  4970 | D:4      | 4970 ||| READING scroll labelled JIAJYU TEKAXKE.
  4971 | D:4      | 4971 ||| READING scroll labelled REICIV QOUQOM.
  4972 | D:4      | 4972 ||| READING 4 scrolls of identify.
  4972 | D:4      | 4972 ||| IDENTIFYING sedimented green potion
  4973 | D:4      | 4973 ||| READING 3 scrolls of identify.
  4973 | D:4      | 4973 ||| IDENTIFYING fuming ruby potion
  4974 | D:4      | 4974 ||| READING 2 scrolls of identify.
  4974 | D:4      | 4974 ||| IDENTIFYING cyan potion
  4975 | D:4      | 4975 ||| DROPPING potion of lignification.
  4976 | D:4      | 4976 ||| DROPPING potion of degeneration.
  5289 | D:6      | 5289 ||| PLANNING SEWER
  5296 | D:6      | Reached skill level 9 in Ranged Weapons
  5560 | D:6      | Reached skill level 6 in Fighting
  5831 | D:6      | Found a staircase to the Ecumenical Temple.
  5885 | D:6      | Found a glowing drain.
  5886 | D:6      | 5886 ||| READING 2 scrolls of identify.
  5886 | D:6      | 5886 ||| IDENTIFYING fuming inky potion
  5895 | Sewer    | Entered a sewer
  5928 | Sewer    | 5928 ||| Stepping ~*~*~tactically~*~*~ (water).
  6031 | Sewer    | 6031 ||| FLEEEEING.
  6160 | Sewer    | 6160 ||| Stepping ~*~*~tactically~*~*~ (water).
  6597 | D:6      | 6597 ||| PLANNING TEMPLE
  6636 | Temple   | Entered the Ecumenical Temple
  6653 | Temple   | 6653 ||| PLANNING OKAWARU WORSHIP
  6796 | Temple   | Became a worshipper of Warmaster Okawaru
  6797 | Temple   | 6797 ||| PLANNING D:1-11
  7309 | D:7      | Reached skill level 10 in Ranged Weapons
  7309 | D:7      | Reached XP level 9. HP: 50/75 MP: 9/9
  7331 | D:7      | HP: 18/75 [something (3)]
  7337 | D:7      | HP: 14/75 [something (1)]
  7339 | D:7      | HP: 5/75 [something (6)]
  7340 | D:7      | Slain by an unseen horror

Levels and vault maps discovered:
D:1:      dpeg_arrival_three_bigger_balls, layout_loops_ring,
          ebering_ecumenical_altar_petrified
D:2:      layout_basic
D:3:      cheibrodos_old_hovel, layout_basic, uniq_pargi
D:4:      layout_layer_cave, vehumet_crystals, uniq_sigmund
D:5:      layout_basic, nicolae_qazlal_scattered_showers, uniq_pikel,
          uniq_eustachio
D:6:      layout_loops_cross, minmay_temple_entry_antechambers,
          portal_sewer_entry_d
D:7:      layout_basic, demons_altar, serial_park_tiny_pond,
          corexii_hall_statues_i, minmay_checkerbox
Temple:   hellmonk_temple_flake

Skill      XL: |  1  2  3  4  5  6  7  8 |
---------------+-------------------------+-----
Ranged Weapons | 3 4 5 7 8 10 | 10.0
Fighting       | 2 4 5 6 |  6.3
Dodging        | 5 |  5.9
Armour         | 2 |  2.2
Spellcasting   | |  1.0
Hexes          | |  2.0

Action                     |  1- 3 |  4- 6 |  7- 9 || total
---------------------------+-------+-------+-------++-------
   Fire: Sling             |   117 |   137 |   270 ||   524
    Use: Scroll            |     4 |     2 |     9 ||    15
         Potion            |     1 |     3 |     1 ||     5
 Armour: Robe              |    15 |       |       ||    15
         Leather armour    |     1 |    14 |    11 ||    26
         Ring mail         |       |       |    33 ||    33
  Dodge: Dodged            |    38 |    62 |    87 ||   187

Table legend:
 A = Non-vault XP
 B = Vault XP
 C = Vault XP percentage of total XP
 D = Non-vault monster count
 E = Vault monster count
 F = Vault count percentage of total count
                 A         B        C        D         E       F
            +---------+---------+-------+---------+---------+-------
      Total |    1374 |    1437 |  51.1 |      84 |      29 |  25.7
            +---------+---------+-------+---------+---------+-------
        D:1 |      21 |       0 |   0.0 |      13 |       0 |   0.0
        D:2 |      52 |       0 |   0.0 |      17 |       0 |   0.0
        D:3 |      34 |     144 |  80.9 |       6 |       2 |  25.0
        D:4 |     251 |     416 |  62.4 |      19 |       2 |   9.5
        D:5 |     466 |     559 |  54.5 |      16 |       1 |   5.9
        D:6 |     400 |      13 |   3.1 |      10 |       1 |   9.1
        D:7 |     150 |      98 |  39.5 |       3 |       3 |  50.0
      Sewer |       0 |     207 | 100.0 |       0 |      20 | 100.0
            +---------+---------+-------+---------+---------+-------
